 Dungeon Crawl Stone Soup version 0.31.0-9-g3a7656b989 (webtiles) character file.

Game seed: 3811848676447736563

23 qw the Shooter (level 2, 0/16 HPs)
             Began as a Deep Elf Hunter on Feb 2, 2024.
             Slain by a cerulean imp
             ... wielding a +2 spear
             ... summoned by Natasha
              (5 damage)
             ... on level 2 of the Dungeon.
             The game lasted 00:00:03 (907 turns).

qw the Shooter (Deep Elf Hunter)                     Turns: 907, Time: 00:00:03

Health: 0/16       AC:  8    Str:  8    XL:     2   Next: 75%
Magic:  4/4        EV: 10    Int: 13    God:
Gold:   28         SH:  0    Dex: 18    Spells: 1/1 levels left

rFire   . . .        a - +1 shortbow
rCold   . . .        (shield currently unavailable)
rNeg    . . .        g - +0 ring mail
rPois   .            i - +1 helmet
rElec   .            (no cloak)
rCorr   .            (no gloves)
SInv    .            l - +0 pair of boots
Will    .....        (no amulet)
Stlth   +            (no ring)
HPRegen 0.22/turn    (no ring)
MPRegen 0.09/turn

%: no passive effects
@: slowed, very slow
A: no striking features
a: no special abilities


You were on level 2 of the Dungeon.
You visited 1 branch of the dungeon, and saw 2 of its levels.

You collected 28 gold pieces.


   Skills:
 - Level 1.5 Fighting
 + Level 6.5 Ranged Weapons
 - Level 2.4 Dodging
 - Level 1.2 Stealth


You had one spell level left.
You didn't know any spells.
Your spell library was empty.

Inventory:

Hand Weapons
 a - a +1 shortbow (weapon)
Armour
 g - a +0 ring mail (worn)
 i - a +1 helmet (worn)
 l - a +0 pair of boots (worn)
Potions
 j - a potion of curing
 m - a potion of might

Dungeon Overview and Level Annotations

Branches:
Dungeon (2/15)

Altars:

Annotations:
D:2 Natasha


Message History

You kill the rat!
Found a faded altar of an unknown god.
You see here a +3 hand axe of freezing.
Natasha, Servant of Life and Death comes into view.
Natasha hisses angrily.
Natasha casts a spell at you. The magic dart hits you!
Ouch! That really hurt!
899 ||| FLEEEEING.
Natasha mumbles some strange words.
900 ||| FLEEEEING.
You shoot an arrow. The arrow hits the cerulean imp.
The cerulean imp is moderately wounded.
Natasha stares at you and mumbles some strange words.
You feel yourself slow down.
You shoot an arrow. The arrow hits the cerulean imp.
The cerulean imp is heavily wounded.
Natasha mumbles some strange words.
903 ||| RETREEEEATING.
The cerulean imp barely misses you.
You shoot an arrow. The arrow hits the cerulean imp.
The cerulean imp is almost dead.
The cerulean imp hits you but does no damage.
The cerulean imp misses you.
The cerulean imp hits you but does no damage.
You shoot an arrow.
The arrow closely misses the cerulean imp.
The cerulean imp hits you from afar with a +1 spear.
The cerulean imp misses you.
The cerulean imp hits you but does no damage.
The cerulean imp hits you from afar with a +2 spear.
906 ||| RETREEEEATING.
Natasha mumbles some strange words.
The cerulean imp hits you with a +2 spear.
The cerulean imp hits you but does no damage.
907 ||| RETREEEEATING.
Natasha wildly gestures.
Natasha glows brightly for a moment.
The cerulean imp hits you with a +2 spear.
You die...

........### ..<........ .##
#.....#.#.# #...# #.......#.#
#.#.# ###.###.#.#
..#.########## #.# #.#)#
#.#h#........#### #.# #.#.##
#.#.#.#.......... #.#
#....######.#.#.#.####.####
#.# #.........@5#.....####.#
#.# #....######.#.......##.#
# #.# #.#.##
####.5.......##.#### #.#
#....###...%....%..........
###.#.#.##.#..........##.##..
..............##.........##.#
###.#.#.##.#.###....#####...#
#....###.#.# ####.#####.#.#
#.#.# #.#.# #..........


You could see 2 cerulean imps.

Vanquished Creatures
  An adder (D:2)
  A dart slug (D:1)
  2 bats (D:1)
  An endoplasm (D:1)
  A goblin (D:2)
  A kobold (D:1)
  3 ball pythons (D:1)
  A frilled lizard (D:2)
  3 rats
14 creatures vanquished.

Notes
Turn   | Place    | Note
-------+----------+-------------------------------------------
     0 | D:1      | qw the Deep Elf Hunter began the quest for the Orb.
     0 | D:1      | Reached XP level 1. HP: 12/12 MP: 3/3
     0 | D:1      | 0 ||| qw: Version: 0.3-a-155-g5e7d8dd
     0 | D:1      | 0 ||| qw: Game counter: 2831
     0 | D:1      | 0 ||| qw: Melee chars always use a shield: true
     0 | D:1      | 0 ||| qw: God list: Okawaru
     0 | D:1      | 0 ||| qw: Allow faded altars: false
     0 | D:1      | 0 ||| qw: Do Orc after clearing Dungeon:15 true
     0 | D:1      | 0 ||| qw: Do second Lair branch before Depths: true
     0 | D:1      | 0 ||| qw: Lair rune preference: random
     0 | D:1      | 0 ||| qw: Goals: Normal
     0 | D:1      | 0 ||| PLANNING D:1-11
   396 | D:1      | Reached XP level 2. HP: 16/16 MP: 4/4
   425 | D:1      | Reached skill level 6 in Ranged Weapons
   777 | D:1      | 777 ||| UPGRADING to +0 ring mail.
   787 | D:1      | 787 ||| DROPPING +0 leather armour.
   788 | D:1      | 788 ||| UPGRADING to +0 helmet.
   793 | D:1      | 793 ||| UPGRADING to +0 pair of boots.
   798 | D:1      | 798 ||| DROPPING ring of flight.
   799 | D:1      | 799 ||| READING scroll labelled AQUSIT DELE.
   799 | D:1      | 799 ||| ENCHANTING +0 helmet.
   800 | D:1      | 800 ||| READING scroll labelled VIOFYIZUYR.
   801 | D:1      | 801 ||| READING scroll labelled BUM ZALLUXTURGH.
   801 | D:1      | 801 ||| ENCHANTING +0 shortbow.
   802 | D:1      | 802 ||| READING scroll labelled PYMOTZ SAID.
   802 | D:1      | 802 ||| IDENTIFYING pink potion
   803 | D:1      | 803 ||| READING scroll labelled XOEFOHU NUYXTI.
   804 | D:1      | 804 ||| DRINKING 2 purple potions.
   805 | D:1      | 805 ||| DROPPING scroll of butterflies.
   870 | D:2      | Found a faded altar of an unknown god.
   898 | D:2      | Noticed Natasha
   899 | D:2      | 899 ||| FLEEEEING.
   900 | D:2      | 900 ||| FLEEEEING.
   903 | D:2      | 903 ||| RETREEEEATING.
   906 | D:2      | 906 ||| RETREEEEATING.
   906 | D:2      | HP: 4/16 [cerulean imp/+2 spear[Natasha] (1)]
   907 | D:2      | 907 ||| RETREEEEATING.
   907 | D:2      | Slain by a cerulean imp

Levels and vault maps discovered:
D:1:      dpeg_arrival_boxes_within_box, layout_basic, serial_rivers,
          chequers_serial_rivers_small_3, chequers_serial_rivers_micro_d,
          chequers_serial_rivers_small_3, chequers_serial_rivers_micro_e,
          chequers_serial_rivers_micro_a, minmay_shallow_snake_nest
D:2:      layout_loops_ring, ebering_ecumenical_altar_webs,
          minmay_misc_feat_rugged, uniq_natasha, uniq_jessica

Skill      XL: |  1  2 |
---------------+-------+-----
Ranged Weapons | 6 |  6.5
Fighting       | |  1.5
Dodging        | |  2.4
Stealth        | |  1.2

Action                     || total
---------------------------++-------
   Fire: Shortbow          ||    40
    Use: Scroll            ||     5
         Potion            ||     1
 Armour: Leather armour    ||     2
         Ring mail         ||    10
  Dodge: Dodged            ||    11

Table legend:
 A = Non-vault XP
 B = Vault XP
 C = Vault XP percentage of total XP
 D = Non-vault monster count
 E = Vault monster count
 F = Vault count percentage of total count
                 A         B        C        D         E       F
            +---------+---------+-------+---------+---------+-------
      Total |      32 |       2 |   5.9 |      13 |       1 |   7.1
            +---------+---------+-------+---------+---------+-------
        D:1 |      14 |       2 |  12.5 |       8 |       1 |  11.1
        D:2 |      18 |       0 |   0.0 |       5 |       0 |   0.0
            +---------+---------+-------+---------+---------+-------
